 Dungeon Crawl Stone Soup version 0.30.0-10-gfe55d96785 (webtiles) character file.

Game seed: 7467941285632905392

23500 ryw the Basher (level 12, -6/94 HPs)
             Began as a Demonspawn Monk on May 15, 2023.
             Was an Elder of Hepliaklqana.
             Mangled by a shadow (20 damage)
             ... on level 11 of the Dungeon.
             The game lasted 00:19:10 (11268 turns).

ryw the Basher (Demonspawn Monk)                   Turns: 11268, Time: 00:19:11

Health: -6/94      AC: 11    Str: 22    XL:     12   Next: 72%
Magic:  0/12       EV: 13    Int: 12    God:    Hepliaklqana [****..]
Gold:   807        SH:  6    Dex: 22    Spells: 11/11 levels left

rFire   . . .        p - +2 whip (elec)
rCold   + . .        h - +0 buckler
rNeg    . . .        q - +2 ring mail {rC+}
rPois   .            (no helmet)
rElec   .            t - +2 cloak
rCorr   .            (no gloves)
SInv    .            (no boots)
Will    .....        (no amulet)
Stlth   +            s - +6 ring of strength
HPRegen 0.35/turn    D - +6 ring of dexterity
MPRegen 0.26/turn

%: guardian spirit
@: no status effects
A: reduced essence, ignite blood 1, magic shield, magic regeneration, sturdy
frame 1, weakness stinger 2
a: Renounce Religion, Recall Ancestor, Ancestor Identity, Transference, Idealise


You were on level 11 of the Dungeon.
You worshipped Hepliaklqana.
Hepliaklqana was greatly pleased with you.
You visited 2 branches of the dungeon, and saw 12 of its levels.
You also visited: Sewer and Bailey.

You collected 807 gold pieces.

Inventory:

Hand Weapons
 p - a +2 whip of electrocution (weapon)
 I - a +0 morningstar
Missiles
 k - 19 boomerangs (quivered)
Armour
 h - a +0 buckler (worn)
 i - a +1 robe of the Archmagi
 q - a +2 ring mail of cold resistance (worn)
 t - a +2 cloak (worn)
Jewellery
 j - a ring of resist corrosion
 r - a ring of ice
 s - a +6 ring of strength (left hand)
 A - a ring of ice
 D - a +6 ring of dexterity (right hand)
Wands
 y - a wand of flame (64)
 J - a wand of polymorph (4)
Scrolls
 c - 3 scrolls of enchant weapon
 e - 2 scrolls of poison
 f - 7 scrolls of fog
 m - 2 scrolls of amnesia
 o - 6 scrolls of noise
 u - a scroll of butterflies
 w - 3 scrolls of teleportation
 B - 2 scrolls of immolation
 E - 2 scrolls of enchant armour
 F - 2 scrolls of magic mapping
Potions
 a - 3 potions of flight
 b - a potion of ambrosia
 d - 2 potions of resistance
 g - 5 potions of heal wounds
 l - 11 potions of curing
 n - a potion of haste
 v - 2 potions of magic
 x - 3 potions of brilliance
 z - 2 potions of lignification
 G - a potion of attraction
 H - 4 potions of cancellation
 K - a potion of might
 L - a potion of mutation {unknown}


   Skills:
 + Level 13.3 Fighting
 - Level 14.0 Maces & Flails
 - Level 5.3 Armour
 - Level 3.0 Dodging
 - Level 5.0 Shields
 - Level 2.6 Unarmed Combat


You had 11 spell levels left.
You didn't know any spells.
Your spell library contained the following spells:

 Spells                   Type           Power      Damage    Failure   Level
 Ensorcelled Hibernation  Hex/Ice        0%         N/A       58%         2
 Lesser Beckoning         Tloc           0%         N/A       58%         2
 Gell's Gravitas          Tloc           0%         N/A       83%         3
 Spider Form              Tmut/Pois      0%         N/A       83%         3
 Teleport Other           Tloc           0%         N/A       83%         3
 Anguish                  Hex/Necr       0%         N/A       99%         4
 Summon Forest            Summ/Tloc      0%         N/A       100%        5
 Summon Mana Viper        Hex/Summ       0%         N/A       100%        5
 Summon Cactus Giant      Summ           0%         N/A       100%        6


Dungeon Overview and Level Annotations

Branches:
Dungeon (11/15)            Temple (1/1) D:6           Sewer (visited)
 Bailey (visited)
   Lair: D:8-11         Orc: D:9-12

Altars:
Ashenzari
Cheibriados
Dithmenos
Fedhas
Gozag
Hepliaklqana
Kikubaaqudgha
Makhleb
Nemelex Xobeh
Okawaru
Qazlal
Ru
Sif Muna
Trog
Uskayaw
Vehumet
Wu Jian
Xom
Yredelemnul

Shops:
D:1 =   D:4 *   D:5 (   D:10 *


Innate Abilities, Weirdness & Mutations

Your life essence is reduced to manifest your ancestor. (-10% HP)
Your demonic aura sometimes causes spilled blood to erupt in flames.
When hurt, damage is shared between your health and your magic reserves.
You regenerate magic rapidly.
Your movements are slightly less encumbered by armour. (ER -2)
You have a tail ending in a sharp stinger.


Message History

Ælfthryth hits the ogre zombie with a +0 dagger of draining! Ælfthryth casts a spell at the goblin zombie.
The ogre zombie appears confused.
The wraith closely misses you.
Something hits Ælfthryth!
The shadow hits you.
The orc skeleton hits Ælfthryth but does no damage. Ælfthryth hits the ogre zombie with a +0 dagger of draining. Ælfthryth hits the shadow with a +0 dagger of draining.
The shadow slips into darkness.
The shadow flickers and vanishes!
Deactivating autopickup; reactivate with Ctrl-A. Ælfthryth barely misses something.
You feel a bit more experienced.
The shadow strikes at you from the darkness!
* * * LOW HITPOINT WARNING * * *
Reactivating autopickup.
Unknown command.
You whack the shadow!
You destroy the shadow!
The wraith barely misses you. The shadow hits you.
Something barely misses Ælfthryth.
The shadow attacks as you move away! You block the shadow's attack.
The shadow slips into darkness.
The shadow flickers and vanishes!
Deactivating autopickup; reactivate with Ctrl-A.
Something hits Ælfthryth but does no damage. Ælfthryth hits something but does no damage.
Something hits Ælfthryth but does no damage. Ælfthryth hits something with a +0 dagger of draining. Ælfthryth barely misses something.
Something barely misses Ælfthryth.
You feel a bit more experienced.
The shadow strikes at you from the darkness!
* * * LOW HITPOINT WARNING * * *
Reactivating autopickup.
Found 14 gold pieces.
The shadow slips into darkness.
The shadow flickers and vanishes!
Deactivating autopickup; reactivate with Ctrl-A.
There is an escape hatch in the ceiling here.
The shadow strikes at you from the darkness!
You die...

####### ####
#.....#############..$.
##......................
........................
..............○.........
.............W..@.......
###########>..#######...
..........#...#
..........+...#
..........#)..# #
..........#..R# .#
..........#...# ..#
...####...'..Z# ...#
####..#####...#######....#


You could see a wraith.

Vanquished Creatures
  An orc warlord (Bailey)
  Fannar (D:11)
  A two-headed ogre (D:10)
  Pikel (D:6)
  A manticore (D:11)
  4 trolls
  2 hornets (D:7)
  Sigmund (D:3)
  2 shadows (D:11)
  A wraith (D:11)
  16 yaks
  A vampire (D:9)
  A wyvern (D:8)
  Menkaure (D:7)
  An acid dragon (D:11)
  3 water moccasins
  6 orc warriors
  A sky beast (D:7)
  2 black bears
  3 ice beasts
  3 ogres
  2 centaurs
  2 kobold brigands
  A bullfrog (Sewer)
  3 scorpions
  14 wights
  8 killer bees
  8 howler monkeys
  6 hounds
  2 gnoll boudas
  4 orc priests
  A sleepcap (D:6)
  Jessica (D:3)
  4 iguanas
  6 orc wizards
  An ogre zombie (D:11)
  12 gnolls
  10 adders
  A white imp (D:4)
  3 worms
  2 dart slugs
  22 orcs
  13 ball pythons
  9 endoplasms
  10 giant cockroaches
  15 goblins
  8 hobgoblins
  3 jackals (D:2)
  14 quokkas
  4 bats
  10 frilled lizards
  A goblin zombie (D:11)
  A hobgoblin skeleton (D:11)
  A hobgoblin zombie (D:11)
  23 kobolds
  2 orc skeletons (D:11)
  4 orc zombies (D:11)
  3 rats
287 creatures vanquished.

Vanquished Creatures (collateral kills)
  A gargoyle (D:11)
  A wraith (D:11)
  5 yaks
  A kobold brigand (D:9)
  A wight (D:7)
  A killer bee (D:9)
  A jelly (D:7)
  An orc priest (D:7)
  3 orc wizards
  A gnoll (Bailey)
  5 orcs
  3 goblins
  6 kobolds
  A goblin zombie (D:11)
31 creatures vanquished.

Vanquished Creatures (others)
  2 hexers
2 creatures vanquished.

Grand Total: 320 creatures vanquished

Notes
Turn   | Place    | Note
-------+----------+-------------------------------------------
     0 | D:1      | ryw the Demonspawn Monk began the quest for the Orb.
     0 | D:1      | Reached XP level 1. HP: 18/18 MP: 1/1
   132 | D:1      | Found Viej's Jewellery Shop.
   201 | D:1      | Gained mutation: Your demonic aura sometimes causes spilled
                  | blood to erupt in flames. [demonic ancestry]
   201 | D:1      | Reached XP level 2. HP: 22/24 MP: 2/2
   832 | D:2      | Gained mutation: You have a small tail. [demonic ancestry]
   832 | D:2      | Reached XP level 3. HP: 28/30 MP: 3/3
  1449 | D:3      | Noticed Sigmund
  1465 | D:3      | Killed Sigmund
  1466 | D:3      | Reached skill level 5 in Fighting
  1466 | D:3      | Reached skill level 3 in Maces & Flails
  1466 | D:3      | Gained mutation: You regenerate magic rapidly. [demonic
                  | ancestry]
  1466 | D:3      | Reached XP level 4. HP: 25/39 MP: 4/4
  1466 | D:3      | Reached XP level 5. HP: 28/44 MP: 5/5
  1565 | D:3      | Found a glowing drain.
  1585 | Sewer    | Entered a sewer
  1909 | Sewer    | Reached XP level 6. HP: 51/51 MP: 6/6
  1962 | Sewer    | Reached skill level 4 in Maces & Flails
  2124 | D:3      | Noticed Jessica
  2127 | D:3      | Killed Jessica
  2974 | D:4      | Reached skill level 5 in Maces & Flails
  3206 | D:4      | Gained mutation: You have a tail ending in a sharp stinger.
                  | [demonic ancestry]
  3206 | D:4      | Reached XP level 7. HP: 43/56 MP: 7/7
  3408 | D:4      | Found a snail-covered altar of Cheibriados.
  3462 | D:4      | Found Bonokauw's Mayhem Merchandise.
  3685 | D:5      | Entered Level 5 of the Dungeon
  3706 | D:5      | Reached skill level 1 in Shields
  3952 | D:5      | Reached skill level 6 in Maces & Flails
  4044 | D:5      | Found Vyceodgha's Weapon Emporium.
  4183 | D:5      | Found a basalt altar of Yredelemnul.
  4196 | D:5      | Noticed an angel
  4220 | D:5      | Reached XP level 8. HP: 62/62 MP: 8/8
  4443 | D:6      | Reached skill level 7 in Maces & Flails
  4845 | D:6      | Reached skill level 8 in Maces & Flails
  4932 | D:6      | Noticed Pikel
  4956 | D:6      | Killed Pikel
  4957 | D:6      | Gained mutation: Your movements are slightly less
                  | encumbered by armour. (ER -2) [demonic ancestry]
  4957 | D:6      | Reached XP level 9. HP: 68/68 MP: 9/9
  5163 | D:6      | Found a staircase to the Ecumenical Temple.
  5206 | Temple   | Entered the Ecumenical Temple
  5613 | D:6      | Reached skill level 9 in Maces & Flails
  5726 | D:6      | Reached skill level 5 in Shields
  5943 | D:6      | Found a faded altar of an unknown god.
  5943 | D:6      | Found a hazy altar of Hepliaklqana.
  6076 | D:6      | Found a faded altar of an unknown god.
  6182 | D:7      | Noticed Menkaure
  6235 | D:6      | Became a worshipper of Hepliaklqana the Forgotten
  6235 | D:6      | Reached * piety under Hepliaklqana
  6235 | D:6      | Reached ** piety under Hepliaklqana
  6236 | D:6      | Remembered your ancestor Ælfthryth as a hexer
  6526 | D:6      | Reached skill level 10 in Maces & Flails
  6761 | D:7      | Found a flagged portal.
  6770 | Bailey   | Entered a bailey
  6828 | Bailey   | Reached skill level 14 in Maces & Flails
  6828 | Bailey   | Gained mutation: When hurt, damage is shared between your
                  | health and your magic reserves. [demonic ancestry]
  6828 | Bailey   | Reached XP level 10. HP: 66/66 MP: 10/10
  6832 | Bailey   | Noticed an orc warlord
  7078 | Bailey   | Found a runed translucent gate.
  7147 | Bailey   | Found a runed translucent gate.
  7154 | Bailey   | Found a runed translucent gate.
  7255 | Bailey   | Killed an orc warlord
  7307 | Bailey   | Identified the +7 spear "Ofixziehih" {drain, rC+ rCorr
                  | Int-4 Dex+3}
  7310 | Bailey   | Reached skill level 5 in Armour
  7310 | Bailey   | Reached XP level 11. HP: 52/78 MP: 11/11
  7560 | D:7      | Killed Menkaure
  8567 | D:8      | Reached XP level 12. HP: 72/87 MP: 10/12
  8787 | D:9      | Reached skill level 10 in Fighting
  9004 | D:9      | Found a blossoming altar of Fedhas.
  9345 | D:9      | Reached *** piety under Hepliaklqana
  9634 | D:10     | Entered Level 10 of the Dungeon
  9706 | D:10     | Found Upisulos's General Store.
  9820 | D:10     | Noticed a two-headed ogre
  9829 | D:10     | Killed a two-headed ogre
 10582 | D:11     | Reached **** piety under Hepliaklqana
 10624 | D:11     | Noticed Fannar
 10631 | D:11     | Killed Fannar
 11268 | D:11     | Mangled by a shadow

Illustrated notes

Levels and vault maps discovered:
D:1:      minmay_arrival_nine_rooms, layout_basic, serial_shops,
          nicolae_shop_gaudy_bauble
D:2:      layout_basic, minmay_pentomino_t2
D:3:      layout_loops_cross, gup_sewer_entry_glass, minmay_misc_feat_encased,
          minmay_misc_feat_chi, uniq_jessica, uniq_sigmund
D:4:      layout_loops_cross, mainiacjoe_overflow_cross_hatched,
          overflow_temple_1_default, minivault_25, minivault_1,
          minmay_shop_mayhem, minmay_distorted
D:5:      layout_basic, grunt_temple_overflow_holy_war, serial_shops,
          nicolae_shop_bloodbath_and_beyond
D:6:      layout_basic, nicolae_hepliaklqana_ecumenical_no_more, temple_pool_b,
          uniq_pikel
D:7:      layout_basic, enter_bailey_3, kennysheep_small_square, uniq_menkaure
D:8:      layout_loops_ring
D:9:      layout_roguey, fedhas_altar_3
D:10:     layout_loops_ring, serial_shops, nicolae_shop_waterfront
D:11:     layout_irregular_city, erik_lair_dragon, zombieorc2_lemuel,
          serial_glass, glass_columns_b, glass_columns_b, glass_columns_b,
          glass_columns_c, minmay_strange_pillars, item_on_display_a,
          minmay_strange_pillars, uniq_fannar
Temple:   nicolae_temple_slightly_damp_pantheon

Skill      XL: |  1  2  3  4  5  6  7  8  9 10 11 12 |
---------------+-------------------------------------+-----
Dodging        | 3 |  3.0
Fighting       | 4 5 8 9 13 | 13.3
Maces & Flails | 3 5 6 8 14 | 14.0
Shields        | 2 4 5 |  5.0
Armour         | 5 |  5.3
Unarmed Combat | |  2.6

Action                     |  1- 3 |  4- 6 |  7- 9 | 10-12 || total
---------------------------+-------+-------+-------+-------++-------
  Melee: Unarmed           |    53 |       |       |       ||    53
         Dagger            |    44 |       |       |       ||    44
         Whip              |     9 |   208 |   208 |   516 ||   941
         Tailslap          |     8 |    30 |    39 |    88 ||   165
  Throw: Boomerang         |       |       |       |     8 ||     8
 Invoke: Recall Ancestor   |       |       |     2 |     1 ||     3
         Ancestor Life: He |       |       |     1 |       ||     1
    Use: Scroll            |       |    16 |     7 |     2 ||    25
         Potion            |       |       |     1 |     5 ||     6
   Stab: Distracted        |       |       |     1 |     9 ||    10
         Confused          |       |       |     1 |    13 ||    14
         Sleeping          |       |       |       |     1 ||     1
 Armour: Robe              |    11 |       |       |       ||    11
         Ring mail         |     1 |    64 |    62 |    99 ||   226
         Skin              |       |       |       |     1 ||     1
  Dodge: Dodged            |    73 |   110 |    82 |   180 ||   445
  Block: Buckler           |       |     1 |    55 |    93 ||   149
